 Dungeon Crawl Stone Soup version 0.27-a0-1189-gb8eb6cee8e (webtiles) character file.

Game seed: 9171311051876616370

0 spiderkeys the Skirmisher (level 1, -4/14 HPs)
             Began as a Formicid Abyssal Knight on May 23, 2021.
             Was a Follower of Lugonu.
             Killed from afar by a wretched star (18 damage)
             ... with a lance of force
             ... on level 1 of the Abyss.
             The game lasted 00:00:12 (51 turns).

spiderkeys the Skirmisher (Formicid Abyssal Knight)   Turns: 51, Time: 00:00:12

Health: -4/14      AC:  3    Str: 16    XL:     1   Next: 0%
Magic:  2/2        EV: 11    Int: 11    God:    Lugonu [*.....]
Gold:   0          SH:  0    Dex: 10    Spells: 0/0 levels left

rFire    . . .     SeeInvis +   a - +1 spear
rCold    . . .     Faith    .   (no shield)
rNeg     . . .     Spirit   .   b - +0 leather armour
rPois    .         Reflect  .   (helmet unavailable)
rElec    .         Harm     .   (no cloak)
rCorr    .         Rampage  .   (no gloves)
Will     .....                  (no boots)
Stlth    +.........             (no amulet)
HPRegen  0.00/turn              (no ring)
MPRegen  0.08/turn              (no ring)

@: no status effects
A: permanent stasis, dig shafts and tunnels, antennae 3, four strong arms,
[deterioration 2], [frail 2], [inhibited regeneration]
a: Dig, Shaft Self, Renounce Religion, Depart the Abyss


You were on level 1 of the Abyss.
You worshipped Lugonu.
Lugonu was aware of your devotion.
You visited 0 branches of the dungeon, and saw 0 of its levels.
You visited the Abyss 1 time.


Innate Abilities, Weirdness & Mutations

You cannot be hasted, slowed, berserked, paralysed or teleported.
You can dig through walls and to a lower floor.
You have a pair of large antennae on your head. (SInv)
Your four strong arms can wield two-handed weapons with a shield.
[Your body often deteriorates upon taking damage.]
[You are very frail. (-20% HP)]
[You do not regenerate when monsters are visible.]


   Skills:
 + Level 3.2 Fighting
 + Level 2.0 Polearms
 + Level 2.1 Armour
 + Level 0.8 Dodging
 + Level 2.1 Invocations


You couldn't memorise any spells.
You didn't know any spells.
Your spell library was empty.

Inventory:

Hand Weapons
 a - a +1 spear (weapon)
Armour
 b - a +0 leather armour (worn)
Potions
 c - a potion of berserk rage {unknown}

Dungeon Overview and Level Annotations

Branches:
Dungeon (0/15)

Altars:

#..#...##....# ...
#### .#..#.. ###
#..##..###..#...# .#
#..#.#.##.#..#..#..#
#........#..# .##.{
#.#.....#...#.#...#.
#...#..#.{{..#.#w..
#....*#....{.##*โ”‚ .
#.@...#.#.##.. .#\#
#..####..#..##{..##โ”‚
...#. ##.... #.#X##.
.... ## #.# #.#*##...
.## ... #. ยง .#. ####
### .#.# ..# .#


You could see a wretched star.


Message History

๐Ÿค– Initializing magus.rc ...
Options error: Delay interrupt name "hungry" not recognised. (~/.crawlrc:4988) โœ… Successfully initialized magus.rc [v1.9.10] Welcome, spiderkeys the Formicid Abyssal Knight.
Will you prevail where others failed? Will you find the Orb of Zot?
Lugonu says: Depart the Abyss and spread corruption, my servant! (use the ability menu to exit the Abyss) Press ? for a list of commands and other information.
Found a corrupted altar of Lugonu.
c - an orange potion Unknown command.
A tentacled starspawn bursts from nowhere.
Tentacles burst from the starspawn's body! 2 starspawn tentacles come into view.
A wretched star comes into view.
The wretched star pulses with an eldritch light!
Your regeneration stops near monsters.
You feel frail. x2 ๐Ÿ˜Ž HP[-4]
You now have 14 max hp (-4).
You extend your mandibles.
You dig through the rock wall.
The starspawn tentacle misses you.
You dig through the rock wall.
You retract your mandibles.
The wretched star pulses with an eldritch light!
You feel yourself wasting away.
You feel your body start to fall apart.
The wretched star glows turbulently.
The lance of force hits you!!
Ouch! That really hurt!
You die...

Action                   || total
-------------------------++-------
 Abil: Dig               ||     1
Dodge: Dodged            ||     1

Levels and vault maps discovered:
Abyss:1:  base: Temple, base:
Temple

Notes
Turn   | Place    | Note
-------+----------+-------------------------------------------
     0 | Abyss:1  | spiderkeys the Formicid Abyssal Knight began the quest for
                  | the Orb.
     0 | Abyss:1  | Reached XP level 1. HP: 18/18 MP: 2/2
     0 | Abyss:1  | magus.rc [v1.9.10]
    34 | Abyss:1  | Noticed a tentacled starspawn
    36 | Abyss:1  | Noticed a wretched star
    51 | Abyss:1  | Killed from afar by a wretched star

Vanquished Creatures (others)
  2 starspawn tentacles (Abyss:1)
2 creatures vanquished.

Table legend:
 A = Non-vault XP
 B = Vault XP
 C = Vault XP percentage of total XP
 D = Non-vault monster count
 E = Vault monster count
 F = Vault count percentage of total count
                 A         B        C        D         E       F
            +---------+---------+-------+---------+---------+-------
      Total |       0 |       0 |   N/A |       0 |       0 |  -nan
            +---------+---------+-------+---------+---------+-------
            +---------+---------+-------+---------+---------+-------

Illustrated notes

Table legend: (Time is in decaauts)
 A = Elapsed time spent in this place.
 B = Non-inter-level travel time spent in this place.
 C = Inter-level travel time spent in this place.
 D = Time resting spent in this place.
 E = Time spent auto-exploring this place.
 F = Levels seen in this place.
 G = Mean time per level.
                   A        B        C        D        E       F      G
               +--------+--------+--------+--------+--------+-----+--------+
         Total |     51 |     51 |      0 |      0 |     33 |   1 |   51.0 |
         Abyss |     51 |     51 |      0 |      0 |     33 |   1 |   51.0 |
               +--------+--------+--------+--------+--------+-----+--------+

Top non-repeatable levels by time:
 Abyss:1: 51 daAuts
